 Dungeon Crawl Stone Soup version 0.26.1-11-gd32895ea62 (webtiles) character file.

Game seed: 12582848391566155763

198 Descartes the Ducker (level 5, -1/22 HPs)
             Began as a Felid Transmuter on June 22, 2021.
             Slain by Crazy Yiuf
             ... wielding a +3 quarterstaff of chaos
              (15 damage)
             ... on level 4 of the Dungeon.
             The game lasted 00:06:21 (4849 turns).

Descartes the Ducker (Felid Transmuter)             Turns: 4849, Time: 00:06:22

Health: -1/22      AC:  2    Str:  8    XL:     5   Next: 47%
Magic:  8/9        EV: 21    Int: 14    God:
Gold:   267        SH:  0    Dex: 17    Spells: 7/8 levels left
                                        Lives:  0   Deaths: 1

rFire    . . .     SeeInvis +     - Unarmed
rCold    . . .     Faith    .   (shield unavailable)
rNeg     . . .     Spirit   .   (armour unavailable)
rPois    .         Reflect  .   (helmet unavailable)
rElec    .         Harm     .   (cloak unavailable)
rCorr    .         Rampage  .   (gloves unavailable)
Will     .....                  (boots unavailable)
Stlth    +++.......             (no amulet)
HPRegen  0.07/turn              (no ring)
MPRegen  0.11/turn              (no ring)

@: appendages (expiring), quick
A: very small, no armour, no weapons or thrown items, stealth, claws 1, fangs 3,
horns 2, see invisible, speed 1, shaggy fur 2, sharp paws
a: End Transformation


You were on level 4 of the Dungeon.
You had grown temporary horns.
You visited 1 branch of the dungeon, and saw 4 of its levels.

You collected 267 gold pieces.

Inventory:

Missiles
 d - 83 stones
Jewellery
 m - a cursed ring of attention {unknown}
Scrolls
 b - 8 scrolls of identify {unknown}
 c - 2 scrolls of enchant weapon {unknown}
 e - 3 scrolls of remove curse {unknown}
 f - a scroll of enchant armour {unknown}
 k - 2 scrolls of random uselessness {unknown}
 n - 2 scrolls of teleportation {unknown}
 r - a scroll of fog {unknown}
Potions
 a - a potion of ambrosia {unknown}
 g - 2 potions of lignification {unknown}
 h - a potion of mutation {unknown}
 i - a potion of curing {unknown}
 j - a potion of haste {unknown}
 l - 2 potions of brilliance {unknown}
 o - 2 potions of might {unknown}
 p - a potion of attraction {unknown}
 q - a potion of degeneration {unknown}


   Skills:
 - Level 1.0 Fighting
 + Level 5.7 Dodging
 + Level 5.1 Stealth
 + Level 4.7 Unarmed Combat
 - Level 2.0 Spellcasting
 - Level 2.1 Transmutations


You had 7 spell levels left.
You knew the following spells:

 Your Spells              Type           Power        Failure   Level
a - Beastly Appendage     Tmut           14%          10%         1

Your spell library contained the following spells:

 Spells                   Type           Power        Failure   Level
 Wereblood                Tmut           7%           14%         2
 Spider Form              Tmut/Pois      2%           41%         3
 Ice Form                 Ice/Tmut       4%           83%         4
 Blade Hands              Tmut           3%           95%         5


Dungeon Overview and Level Annotations

Branches:
Dungeon (4/15)
 Temple: D:4-7

Altars:
Ru
Sif Muna
Zin

Annotations:
D:4 Blork the orc; Crazy Yiuf; Sensen's ghost, amateur GnWr


Innate Abilities, Weirdness & Mutations

You cannot wear armour.
You are incapable of wielding weapons or throwing items.
Your paws allow you to move quietly. (Stealth)
You have sharp claws.
You have razor-sharp teeth.
You have supernaturally acute eyesight. (SInv)
You cover ground quickly.
You are covered in thick fur. (AC +2)
Your sharp claws are effective at attacking unaware monsters.
You have a pair of horns on your head.


Message History

HP restored.
Done exploring.
There is a stone staircase leading down here.
Casting: Beastly Appendage (safe; 10% risk of failure)
Confirm with . or Enter, or press ? or * to list all spells.
You grow a pair of large bovine horns.
You climb downwards.
Level annotation: Blork the orc; Crazy Yiuf; Sensen's ghost, amateur GnWr Your transformation is almost over.
There is a stone staircase leading up here.
Crazy Yiuf zaps a wand.
You easily resist.
Crazy Yiuf sings, "Trees, trees, trees, circus!"
Crazy Yiuf hits you with a +3 quarterstaff of chaos.
Space bends around you.
You scratch Crazy Yiuf. Your headbutt misses Crazy Yiuf.
You bite Crazy Yiuf, but do no damage.
Crazy Yiuf is moderately wounded.
Crazy Yiuf hits you with a +3 quarterstaff of chaos!
Ouch! That really hurt!
You die...

##..#'#.........#.#
#............#>#.#
#...........##.#.#
#.#..............#
#.#.#.###.##.#<###
#.#.#.######.#.#
#.#........#.#.#
#.###.####.#.#.#
#.# #.# #.#.#@# #.#
#.####.#.#g## #.#
#...........# ###.#
######.#.##.##
.#### ######..# .#
##.# ## ########.#
##
########.#..#.#.#
.#
#...##g.#.......#


You could see Crazy Yiuf.

Vanquished Creatures
  2 ogres
  A hound (D:4)
  A worker ant (D:4)
  A howler monkey skeleton (D:4)
  3 adders
  An ooze (D:3)
  2 worms
  4 dart slugs (D:1)
  3 leopard geckos
  An orc (D:4)
  10 bats
  A giant cockroach (D:1)
  4 goblins
  10 hobgoblins
  15 jackals
  9 kobolds
  2 quokkas
  A ball python (D:1)
  A ball python skeleton (D:4)
  5 frilled lizards
  5 rats
82 creatures vanquished.

Notes
Turn   | Place    | Note
-------+----------+-------------------------------------------
     0 | D:1      | Descartes the Felid Transmuter began the quest for the Orb.
     0 | D:1      | Reached XP level 1. HP: 9/9 MP: 4/4
    71 | D:1      | Reached skill level 1 in Stealth
   429 | D:1      | Reached XP level 2. HP: 12/12 MP: 4/6
   869 | D:1      | Reached XP level 3. HP: 14/15 MP: 5/7
  1015 | D:1      | You fall into a shaft and drop 1 floor!
  1688 | D:2      | Found a sacrificial altar of Ru.
  1697 | D:2      | Found a shimmering blue altar of Sif Muna.
  2366 | D:2      | Reached XP level 4. HP: 4/19 MP: 8/8
  2667 | D:2      | You fall into a shaft and drop 1 floor!
  3059 | D:3      | You fall into a shaft and drop 1 floor!
  3486 | D:3      | Noticed an ogre
  3498 | D:3      | Killed an ogre
  3499 | D:3      | Reached XP level 5. HP: 22/22 MP: 9/9
  3591 | D:3      | Reached skill level 5 in Dodging
  3998 | D:4      | Noticed an ogre
  4003 | D:4      | Killed an ogre
  4004 | D:4      | Gained mutation: You are covered in thick fur. (AC +2)
                  | [Felid growth]
  4004 | D:4      | Reached XP level 6. HP: 25/25 MP: 8/10
  4080 | D:4      | Found a runed translucent door.
  4081 | D:4      | Noticed Crazy Yiuf
  4146 | D:4      | Found a transporter.
  4220 | D:4      | Found a transporter.
  4221 | D:4      | Noticed Sensen's ghost (amateur GnWr)
  4445 | D:4      | Reached skill level 5 in Stealth
  4466 | D:4      | Noticed Blork the orc
  4477 | D:4      | Killed from afar by Blork the orc
  4478 | D:4      | Reached XP level 5. HP: -3/22 MP: 9/9
  4587 | D:4      | Found a glowing silver altar of Zin.
  4849 | D:4      | Slain by Crazy Yiuf

Illustrated notes

Levels and vault maps discovered:
D:1:      tarquinn_simple_flora_water_c, layout_basic, minmay_distorted
D:2:      layout_basic, grunt_temple_overflow_open
D:3:      layout_rooms
D:4:      layout_loops_ring, kennysheep_mini_moat, gammafunk_ghost_mausoleum,
          uniq_blork_the_orc, uniq_crazy_yiuf_cottage

Skill      XL: |  1  2  3  4  5  6 |
---------------+-------------------+-----
Dodging        | 3 4 5 |  5.7
Stealth        | 1 2 4 5 |  5.1
Unarmed Combat | 4 |  4.7
Fighting       | |  1.0
Spellcasting   | |  2.0
Transmutations | |  2.1

Action                   |  1- 3 |  4- 6 || total
-------------------------+-------+-------++-------
Melee: Unarmed           |   127 |   115 ||   242
       Bite              |    10 |    10 ||    20
       Headbutt          |    11 |    11 ||    22
       Punch             |       |     2 ||     2
 Cast: Beastly Appendage |    31 |    31 ||    62
 Stab: Sleeping          |     6 |     7 ||    13
Armor: Skin              |     7 |     4 ||    11
Dodge: Dodged            |   119 |    73 ||   192
